 Dungeon Crawl Stone Soup version 0.22.1-2-g9c5b331383 (webtiles) character file.

2043 Marnok the Shield-Bearer (level 8, -4/67 HPs)
             Began as a Demigod Fighter on Dec 27, 2018.
             Slain by Erica
             ... wielding a +3 scimitar of flaming
              (8 damage)
             ... on level 8 of the Dungeon.
             The game lasted 00:23:49 (5275 turns).

Marnok the Shield-Bearer (Demigod Fighter)          Turns: 5275, Time: 00:23:50

Health: -4/67      AC:  8    Str: 20 (21) XL:     8   Next: 74%
Magic:  10/10      EV:  8    Int: 16 (17) God:
Gold:   206        SH: 20    Dex: 16 (17) Spells: 7/7 levels left

rFire    . . .     SeeInvis .   a - +1 long sword
rCold    . . .     Gourm    .   m - +2 large shield
rNeg     . . .     Faith    .   b - +0 scale mail
rPois    .         Spirit   .   (no helmet)
rElec    .         Reflect  +   j - +0 cloak
rCorr    .         Harm     .   (no gloves)
MR       +....                  (no boots)
Stlth    +.........             u - +2 amulet of reflection
HPRegen  0.21/turn              o - ring of protection from magic
MPRegen  0.12/turn              q - ring of stealth

@: brilliant, slowed, very slow
A: high mp 1
a: no special abilities


You were on level 8 of the Dungeon.
You were not hungry.

You visited 1 branch of the dungeon, and saw 8 of its levels.

You collected 206 gold pieces.

Inventory:

Hand Weapons
 a - a +1 long sword (weapon)
 s - a +0 war axe
Armour
 b - a +0 scale mail (worn)
 c - a +0 shield
 j - a +0 cloak (worn)
 m - a +2 large shield (worn)
Jewellery
 g - an uncursed ring of protection from cold
 o - a ring of protection from magic (left hand)
 q - a ring of stealth (right hand)
 u - a +2 amulet of reflection (around neck)
 v - a +4 amulet of reflection
Wands
 r - a wand of flame (28)
Scrolls
 e - 10 scrolls of identify {unknown}
 i - 2 scrolls of remove curse
 k - a scroll of enchant weapon
 l - a scroll of teleportation {unknown}
 n - 2 scrolls of enchant armour {unknown}
Potions
 d - a potion of lignification
 h - 2 potions of flight
 t - 2 potions of curing {unknown}
 w - a potion of agility {unknown}
 x - a potion of haste {unknown}
 z - a potion of degeneration
 C - a potion of might
Comestibles
 f - 5 rations


   Skills:
 + Level 4.5 Fighting
 + Level 6.3 Long Blades
 + Level 4.8 Armour
 + Level 3.0 Dodging
 + Level 1.0 Stealth
 + Level 6.7 Shields


You had 7 spell levels left.
You didn't know any spells.
Your spell library contained the following spells:

 Spells                   Type           Power        Failure   Level  Hunger
 Sandblast                Erth           #.....       52%         1    ##.....
 Passwall                 Tmut/Erth      #.......     65%         2    ###....
 Stone Arrow              Conj/Erth      #.....       85%         3    ####...
 Petrify                  Tmut/Erth      #.......     99%         4    #####..
 Lee's Rapid Deconstruct  Erth           #.........   100%        5    ######.


Dungeon Overview and Level Annotations

Branches:
Dungeon (8/15)             Temple (0/1) D:7
   Lair: D:8-11

Annotations:
D:8 Erica, Grum


Innate Abilities, Weirdness & Mutations

You have an increased reservoir of magic. (+10% MP)


Message History

It was a potion of degeneration.
There was something very wrong with that liquid.
You feel weakened.
You feel dopey.
You feel clumsy. Something hits you!
* * * LOW HITPOINT WARNING * * *
Something burns you.
* * * LOW HITPOINT WARNING * * *
As you read the scroll labeled RIF ULINLI, it crumbles to dust.
It is a scroll of enchant weapon.
Your +0 long sword glows red for a moment.
Something hits you!
* * * LOW HITPOINT WARNING * * *
Something burns you.
* * * LOW HITPOINT WARNING * * *
You closely miss something. Something hits you but does no damage.
Your scale mail prevents you from hitting something.
You hear some strange, mumbled words.
You feel yourself slow down.
You slash something! Something hits you!
You die...

# ### #### #
#.###########..###
##............###.
#.#########....##. #@#
#..#.... #...{#
#..###... #......#
#......... #........
##......... ...).#.....
#..........
....##.....###..........
...# ##.....#...........
#.. #.......<.........
.........l.......


There were no monsters in sight!

Vanquished Creatures
  Sigmund (D:6)
  3 black bears
  2 ice beasts
  An orc warrior (D:8)
  A sky beast (D:6)
  2 necrophages
  2 phantoms
  An ogre (D:6)
  2 bullfrogs
  A wyvern skeleton (D:7)
  A crimson imp (D:6)
  A jelly (D:6)
  2 orc priests
  A hound (D:3)
  2 orc wizards
  2 bullfrog skeletons (D:7)
  2 iguanas
  4 worker ants
  A hound skeleton (D:7)
  3 adders (D:2)
  2 oozes (D:3)
  An adder zombie (D:6)
  An adder skeleton (D:7)
  4 worms
  2 leopard geckos
  13 orcs
  3 ball pythons
  6 giant cockroaches
  6 goblins
  5 hobgoblins
  12 jackals
  2 quokkas (D:3)
  5 bats
  3 frilled lizards (D:1)
  A jackal skeleton (D:4)
  5 kobolds
  A quokka zombie (D:7)
  2 rats
109 creatures vanquished.

Vanquished Creatures (others)
  A centaur (D:7)
1 creature vanquished.

Grand Total: 110 creatures vanquished

Notes
Turn   | Place    | Note
-------+----------+-------------------------------------------
     0 | D:1      | Marnok the Demigod Fighter began the quest for the Orb.
     0 | D:1      | Reached XP level 1. HP: 18/18 MP: 3/3
   273 | D:1      | Reached XP level 2. HP: 25/25 MP: 4/4
   874 | D:2      | Reached XP level 3. HP: 27/30 MP: 5/5
  1780 | D:3      | Reached XP level 4. HP: 38/38 MP: 6/6
  1884 | D:3      | Reached skill level 1 in Dodging
  1957 | D:3      | Noticed a black bear
  1986 | D:3      | Killed a black bear
  1986 | D:3      | Reached XP level 5. HP: 18/45 MP: 7/7
  2618 | D:5      | Entered Level 5 of the Dungeon
  2718 | D:5      | Noticed a necrophage
  2738 | D:5      | Killed a necrophage
  2738 | D:5      | Reached XP level 6. HP: 51/51 MP: 8/8
  3275 | D:6      | Reached XP level 7. HP: 38/57 MP: 9/9
  3508 | D:6      | Noticed Sigmund
  3520 | D:6      | Killed Sigmund
  3520 | D:6      | Reached skill level 5 in Shields
  3646 | D:6      | Found a snail-covered altar of Cheibriados.
  3648 | D:6      | Found an iron altar of Okawaru.
  3648 | D:6      | Found an iron altar of Okawaru.
  3656 | D:6      | Found a shadowy altar of Dithmenos.
  3656 | D:6      | Found a shimmering altar of Xom.
  3656 | D:6      | Found a blossoming altar of Fedhas.
  3815 | D:6      | Reached skill level 5 in Long Blades
  4028 | D:7      | Reached XP level 8. HP: 58/66 MP: 10/10
  4147 | D:7      | Found a staircase to the Ecumenical Temple.
  4670 | D:8      | Noticed Grum
  5147 | D:7      | Reached skill level 1 in Stealth
  5256 | D:8      | Noticed Erica
  5272 | D:8      | HP: 3/67 [something (1)]
  5275 | D:8      | Slain by Erica

Skill      XL: |  1  2  3  4  5  6  7  8 |
---------------+-------------------------+-----
Armour         | 3 4 |  4.8
Shields        | 3 4 5 6 |  6.7
Long Blades    | 2 3 4 5 6 |  6.3
Fighting       | 3 4 |  4.5
Dodging        | 1 2 3 |  3.0
Stealth        | 1 |  1.0

Action                   |  1- 3 |  4- 6 |  7- 9 || total
-------------------------+-------+-------+-------++-------
Melee: Long sword        |   136 |   236 |   217 ||   589
  Use: Potion            |     3 |       |     5 ||     8
       Scroll            |     1 |       |     1 ||     2
 Stab: Sleeping          |       |     1 |     1 ||     2
       Invisible         |       |       |     3 ||     3
  Eat: Chunk             |     2 |     6 |     2 ||    10
       Ration            |       |       |     2 ||     2
Armor: Scale mail        |    90 |    69 |    48 ||   207
       Skin              |       |       |     3 ||     3
Dodge: Dodged            |    43 |    43 |    47 ||   133
Block: Shield            |    52 |       |       ||    52
       Large shield      |    73 |   210 |   200 ||   483
       Reflection        |       |     1 |     3 ||     4
       Rpst.: Long sword |    19 |    10 |    10 ||    39
